 Dungeon Crawl Stone Soup version bcrawl-1.36.5b (webtiles) character file.

Game seed: 11096102658337225387

150746 BreqofToren the Covered (level 5, -10/47 HPs)
             Began as a Minotaur Fighter on Sept 14, 2022.
             Was a Follower of Ru.
             Mangled by an ogre
             ... wielding a +0 giant club
              (26 damage)
             ... on level 4 of the Dungeon.
             The game lasted 00:07:17 (2919 turns).

BreqofToren the Covered (Minotaur Fighter)          Turns: 2919, Time: 00:07:17

Health: -10/47     AC:  9    Str: 27    XL:     5   Next: 61%
Magic:  4/4        EV:  2    Int:  5    God:    Ru [*.....]
Gold:   134        SH: 10    Dex: 14    Spells: 4/4 levels left

rFire    . . .     GDR:     30% a - +1 flail
rCold    . . .     SeeInvis .   c - +0 medium shield
rNeg     . . .     Gourm    .   b - +0 scale mail
rPois    .         Faith    .   (helmet restricted)
rElec    .         Spirit   .   f - +1 cloak
rCorr    .         Reflect  .   (no gloves)
MR       .....                  (no boots)
Stlth    ..........             (no amulet)
HPRegen  0.15/turn              o - +5 ring of dexterity
MPRegen  0.09/turn              (no ring)

@: mighty
A: retaliatory headbutt, horns 2, reduced EV 1
a: Renounce Religion


You were on level 4 of the Dungeon.
You worshipped Ru.
Ru was aware of your devotion.
You were not hungry.

You visited 1 branch of the dungeon, and saw 4 of its levels.

You collected 134 gold pieces.

Inventory:

Hand Weapons
 a - a +1 flail (weapon)
Armour
 b - a +0 scale mail (worn)
 c - a +0 medium shield (worn)
 f - a +1 cloak (worn)
Jewellery
 o - a +5 ring of dexterity (left hand)
Wands
 j - a wand of digging (15)
Scrolls
 n - a scroll of remove curse
 q - 2 scrolls of magic mapping
 t - a scroll of amnesia
 u - 3 scrolls of blinking
Potions
 g - a potion of berserk rage
 h - 2 potions of resistance
 l - a potion of curing
 m - a potion of agility {unknown}
 p - a potion of haste {unknown}
 r - 2 potions of mutation {unknown}
 s - a potion of degeneration {unknown}
 v - 2 potions of heal wounds {unknown}
Comestibles
 e - 11 rations {!d}
 w - 2 chunks of flesh


   Skills:
 + Level 4.7 Fighting
 + Level 3.8 Maces & Flails
 + Level 4.7 Armour
 + Level 2.4 Dodging
 + Level 4.7 Shields


You had 4 spell levels left.
You didn't know any spells.
Your spell library was empty.

Dungeon Overview and Level Annotations

Branches:
Dungeon (4/12)
 Temple: D:4-7

Altars:
Ru


Innate Abilities, Weirdness & Mutations

You reflexively headbutt those who attack you in melee.
You have a pair of horns on your head.
You have somewhat slow reflexes. (EV -5)


Message History

You closely miss the adder. The adder bites you. You block the adder's attack.
You hit the adder. You headbutt the adder!
You kill the adder!
No target in view!
You see here an adder corpse.
You see here 88 arrows.
You see here a whip.
There is a stone staircase leading down here.
An ogre comes into view. It is wielding a +0 giant club.
You have encountered a dangerous foe!
The ogre shouts!
The ogre hits you with a +0 giant club!
Your shield and scale mail prevent you from hitting the ogre.
The ogre hits you with a +0 giant club!!
You are too injured to fight recklessly!
You are too injured to fight recklessly!
You feel very mighty all of a sudden.
The ogre hits you with a +0 giant club!!
Ouch! That really hurt!
You die...

##########
##........##############
..................>.).(.
##.............#########
...............# #.....
##.............# #.####
≈.....O@.......# #[#...
## ≈.#............#
#.#.#. ..
.?#.......##'### #.....
#≈###≈##.......##.#
###.## ≈≈≈≈ #.########÷#
#.#<
#######.###........#.##
#÷#.
.......[.÷............#
#.#.
#######.#.##..........#
#.## #.#.###.......).#
#...


You could see an ogre.

Vanquished Creatures
  A jelly (D:4)
  A worker ant (D:3)
  6 adders
  4 gnolls
  3 worms
  A dart slug (D:3)
  4 leopard geckos
  An orc (D:3)
  3 ball pythons
  4 giant cockroaches
  A goblin (D:2)
  6 hobgoblins
  3 jackals (D:2)
  8 kobolds
  4 quokkas
  5 bats
  3 rats
58 creatures vanquished.

Notes
Turn   | Place    | Note
-------+----------+-------------------------------------------
     0 | D:1      | BreqofToren the Minotaur Fighter began the quest for the
                  | Orb.
     0 | D:1      | Reached XP level 1. HP: 19/19 MP: 0/0
   378 | D:1      | Reached XP level 2. HP: 26/27 MP: 1/1
  1123 | D:2      | Found a sacrificial altar of Ru.
  1133 | D:2      | Became a worshipper of Ru the Awakened
  1148 | D:2      | Reached skill level 1 in Dodging
  1291 | D:2      | Reached XP level 3. HP: 31/33 MP: 2/2
  1963 | D:3      | Reached XP level 4. HP: 40/40 MP: 3/3
  2342 | D:3      | Gained mutation: You have somewhat slow reflexes. (EV -5)
                  | [Ru sacrifice]
  2342 | D:3      | Reached * piety under Ru
  2482 | D:3      | Found a faded altar of an unknown god.
  2670 | D:4      | Reached XP level 5. HP: 46/47 MP: 4/4
  2914 | D:4      | Noticed an ogre
  2919 | D:4      | Mangled by an ogre

Skill      XL: |  1  2  3  4 |
---------------+-------------+-----
Dodging        | 1 2 |  2.4
Armour         | 4 |  4.7
Fighting       | 4 |  4.7
Shields        | 4 |  4.7
Maces & Flails | 3 |  3.8

Action                   |  1- 3 |  4- 6 || total
-------------------------+-------+-------++-------
Melee: Flail             |   124 |    60 ||   184
       Headbutt          |    17 |    10 ||    27
Invok: Sacrifice Health  |       |     1 ||     1
  Use: Scroll            |     6 |     6 ||    12
       Potion            |       |     1 ||     1
  Eat: Chunk             |     8 |     5 ||    13
Armor: Scale mail        |    56 |    26 ||    82
Dodge: Dodged            |    19 |     8 ||    27
Block: Medium shield     |    70 |    29 ||    99
